Map: Frost LE

Players

Major (SpeCial)

  • Race: Terran Terran

viOLet - Winner!

  • Race: Zerg Zerg

Event: 2016 WCS Summer Circuit Championship (DH Montreal)

VOD

Have the link to the VOD?

Description

Time

  • Played on: Aug. 13, 2016, 11:28 a.m.
  • Length: 11:58

All games in this series

Show
View Real Time Build Order
Export as new Build Order

Major Terran 

Build Orders: Reaper Expand, MMM Bio 

Get SALT Encoding   

  12  0:00  SCV  
  13  0:13  SCV  
  14  0:17  Supply Depot  
  14  0:25  SCV  
  15  0:29  Refinery  
  15  0:39  SCV  
  16  0:45  Barracks  
  16  0:51  SCV  
  17  1:03  SCV  
  18  1:15  SCV  
  19  1:32  Reaper, Orbital Command  
  20  1:44  Command Center  
  20  1:55  Factory  
  20  1:59  SCV  
  21  2:07  Barracks Reactor  
  21  2:09  Supply Depot  
  21  2:13  SCV  
  22  2:25  SCV  
  23  2:38  SCV  
  23  2:41  Refinery  
  24  2:46  Starport  
  24  2:49  Hellion  
  24  2:50  SCV  
  24  2:51  Hellion  
  29  3:02  Orbital Command, SCV  
  29  3:11  Hellion  
  29  3:12  Hellion  
  33  3:14  SCV  
  34  3:25  Viking  
  36  3:30  SCV x2  
  38  3:34  Supply Depot  
  38  3:39  Factory Tech Lab  
  38  3:40  Marine x2  
  40  3:42  SCV x2  
  42  3:54  SCV x2  
  42  3:55  Medivac  
  46  3:57  Marine  
  46  3:58  Marine  
  46  3:59  Siege Tank  
  46  4:02  Supply Depot  
  51  4:06  SCV  
  52  4:15  Marine x2  
  54  4:18  Supply Depot  
  54  4:19  Supply Depot  
  54  4:20  Supply Depot  
  54  4:23  SCV x2  
  56  4:28  Medivac  
  58  4:35  SCV x2  
  59  4:45  Siege Tank  
  59  4:47  SCV x2  
  59  4:51  Marine x2  
  59  4:52  Liberator  
  63  5:01  Command Center, SCV  
  64  5:11  SCV  
  64  5:13  Supply Depot, SCV  
  69  5:15  Marine x2  
  71  5:26  SCV x2  
  73  5:38  SCV x2  
  73  5:40  Barracks, Refinery  
  73  5:41  Barracks, Refinery  
  75  5:44  Factory Reactor, Marine, Stimpack  
  76  5:52  SCV x2  
  76  5:54  Starport Reactor  
  78  6:01  Engineering Bay  
  78  6:02  Engineering Bay, Marine  
  75  6:04  SCV x2  
  68  6:16  SCV x2  
  70  6:19  Marine  
  69  6:28  SCV x2  
  69  6:31  Command Center  
  69  6:32  Terran Infantry Armor Level 1, Terran Infantry Weapons Level 1  
  68  6:37  Marine  
  69  6:40  SCV x2  
  69  6:42  Barracks x2  
  69  6:43  Marine x4  
  75  6:47  Factory Reactor  
  75  6:48  Medivac x2  
  75  6:52  SCV  
  75  6:53  SCV  
  81  6:55  Marine  
  81  7:00  Marine x2  
  81  7:01  Marine x2  
  86  7:05  SCV x2  
  86  7:06  Supply Depot  
  88  7:13  Marine  
  88  7:15  Supply Depot  
  89  7:17  SCV x2  
  89  7:18  Marine x3  
  94  7:24  Supply Depot  
  94  7:25  Supply Depot  
  94  7:27  Marine  
  94  7:29  Widow Mine x2  
  95  7:30  Medivac  
  95  7:31  Marine  
  95  7:34  Medivac  
  95  7:35  Barracks Reactor  
  95  7:36  Barracks Reactor, Marine x3  
  102  7:40  Supply Depot  
  102  7:41  Armory  
  102  7:45  Supply Depot, Combat Shields, Marine  
  102  7:48  Marine  
  102  7:50  SCV x2  
  106  7:54  Marine x2  
  106  7:56  Marine  
  109  8:03  Widow Mine x2, Marine  
  109  8:05  Orbital Command  
  114  8:06  Marine  
  114  8:11  Marine x3  
  114  8:12  Marine x3  
  121  8:14  Marine  
  122  8:21  Supply Depot, Marine  
  122  8:23  Medivac  
  122  8:24  Marine  
  124  8:29  Marine x4  
  124  8:31  Widow Mine  
  129  8:36  Terran Infantry Weapons Level 2  
  129  8:44  Terran Infantry Armor Level 2  
  129  8:45  Marine x2  
  131  8:50  Widow Mine  
  131  8:51  Marine x2  
  131  8:52  Marine x2  
  131  8:54  Marine  
  133  8:57  SCV x2  
  133  8:59  Marine  
  135  9:05  Marine x2  
  137  9:11  SCV x2  
  137  9:13  Medivac x2  
  137  9:15  Marine x2  
  145  9:21  Orbital Command  
  145  9:23  Supply Depot, SCV  
  144  9:24  Supply Depot, Marine  
  144  9:25  Marine x3  
  144  9:26  Marine  
  144  9:29  Marine  
  150  9:32  Marine  
  150  9:33  Marine  
  150  9:35  Marine  
  144  9:42  Marine x2  
  144  9:43  Marine  
  144  9:44  Medivac x2  
  144  9:45  Widow Mine  
  152  9:52  Marine  
  152  9:54  Supply Depot  
  152  9:56  Marine x3  
  156  10:00  Marine  
  156  10:01  Marine  
  156  10:03  Widow Mine  
  160  10:11  Marine  
  160  10:14  Medivac x2  
  165  10:16  Marine  
  165  10:20  Marine x2  
  154  10:26  Marine x2  
  154  10:27  Marine  
  139  10:29  Marine x3  
  139  10:33  Marine  
  139  10:34  Widow Mine x2  
  141  10:38  Marine x2  
  143  10:43  Medivac  
  143  10:44  Medivac, Marine x3  
  143  10:47  Marine x2  
  143  10:49  Marine  
  146  10:51  Marine  
  146  10:55  Marine  
  146  10:56  Marine  
  104  11:02  Marine x3  
  84  11:05  Widow Mine x2, Marine x2  
  84  11:07  Marine  
  77  11:12  Marine  
  77  11:13  Medivac x2  
Show
View Real Time Build Order
Export as new Build Order

viOLet Zerg - Winner!

Build Orders: Hatch First, Muta Ling Bane 

Get SALT Encoding   

  12  0:00  Drone  
  13  0:12  Overlord  
  13  0:17  Drone  
  14  0:31  Drone x2  
  16  0:37  Drone  
  17  0:52  Hatchery  
  17  0:55  Drone  
  17  0:58  Drone  
  18  1:09  Extractor  
  17  1:13  Spawning Pool  
  17  1:16  Drone  
  17  1:19  Drone  
  18  1:28  Drone  
  19  1:48  Overlord  
  19  1:59  Queen  
  19  2:00  Zergling x2  
  22  2:03  Zergling x2  
  22  2:04  Queen, Zergling x2  
  26  2:09  Metabolic Boost  
  26  2:12  Drone  
  28  2:15  Drone  
  28  2:27  Drone x2  
  30  2:35  Drone  
  30  2:36  Queen  
  30  2:41  Queen  
  34  2:45  Overlord  
  34  2:52  Overlord  
  34  2:53  Drone  
  35  3:01  Drone  
  35  3:03  Drone  
  37  3:08  Drone x5  
  37  3:11  Drone  
  37  3:12  Drone  
  44  3:16  Drone  
  44  3:31  Hatchery  
  43  3:36  Zergling x2  
  43  3:37  Zergling x6  
  43  3:39  Overlord  
  47  3:45  Zergling x8  
  51  3:59  Drone x2, Overlord  
  51  4:01  Drone  
  54  4:03  Overlord  
  54  4:09  Drone  
  55  4:21  Evolution Chamber  
  55  4:22  Evolution Chamber  
  53  4:24  Drone x4  
  53  4:25  Drone x4  
  53  4:27  Queen  
  53  4:28  Queen  
  65  4:31  Overlord  
  65  4:32  Overlord  
  63  4:41  Zergling x2  
  63  4:42  Zergling x2  
  61  4:48  Zerg Ground Armor Level 1, Zerg Melee Weapons Level 1  
  61  4:50  Queen  
  61  4:51  Drone  
  61  4:52  Drone  
  65  4:58  Drone x2  
  65  4:59  Drone  
  68  5:02  Drone x2, Overlord  
  68  5:09  Queen x2  
  72  5:15  Overlord  
  72  5:18  Drone x3, Zergling x2  
  76  5:26  Zergling x10  
  76  5:27  Zergling x2  
  82  5:30  Zergling x2  
  83  5:36  Zergling x2  
  83  5:42  Zergling x2  
  85  5:43  Zergling x8  
  85  5:46  Spore Crawler  
  85  5:49  Lair  
  88  5:52  Extractor x2  
  88  5:53  Zergling x10  
  90  6:05  Zergling x6  
  90  6:09  Drone  
  90  6:10  Drone  
  90  6:13  Drone x2  
  90  6:14  Drone  
  90  6:16  Drone  
  90  6:17  Drone x3  
  96  6:19  Hatchery  
  96  6:25  Drone x4  
  97  6:29  Overlord  
  97  6:35  Baneling Nest  
  97  6:36  Drone x2  
  97  6:37  Extractor  
  97  6:38  Drone x3  
  97  6:39  Drone  
  98  6:41  Extractor  
  98  6:42  Extractor  
  96  6:49  Overlord x3  
  96  6:52  Zerg Ground Armor Level 2  
  96  6:57  Zerg Melee Weapons Level 2  
  96  7:01  Hatchery  
  95  7:04  Zergling x2  
  95  7:05  Zergling x10  
  100  7:09  Drone x2  
  100  7:10  Drone x3  
  105  7:19  Overlord x2  
  105  7:20  Centrifical Hooks  
  105  7:22  Pneumatized Carapace  
  105  7:40  Drone x2  
  105  7:41  Spire, Zergling x22  
  117  7:54  Zergling x16  
  124  8:00  Baneling x13  
  124  8:10  Zergling x14  
  130  8:16  Overlord  
  130  8:18  Drone x4  
  131  8:33  Drone  
  131  8:34  Drone x3  
  135  8:37  Baneling x2  
  135  8:43  Zergling x18  
  135  8:44  Zergling x2  
  135  8:45  Zergling x2  
  140  8:58  Mutalisk x11  
  140  9:01  Mutalisk  
  164  9:05  Extractor, Spore Crawler  
  164  9:06  Extractor  
  161  9:10  Overlord x2  
  161  9:11  Overlord x2  
  161  9:16  Infestation Pit  
  159  9:28  Zerg Flyer Weapons Level 1  
  146  9:40  Zergling x2  
  146  9:41  Zergling x30  
  146  9:43  Overseer x2  
  160  9:46  Baneling x10  
  160  9:47  Baneling  
  160  9:50  Zergling x14  
  160  9:51  Zergling x2  
  168  10:03  Zergling x22  
  168  10:06  Baneling  
  163  10:32  Hive  
  163  10:34  Zergling x12  
  163  10:35  Zergling x28  
  183  10:49  Zergling x8  
  175  10:50  Zergling x6  
  175  10:52  Zergling x2  
  167  11:01  Zergling x2  
  167  11:02  Zergling x8  
  164  11:04  Zergling x12  
  164  11:08  Zergling x8  
Tags
 
Add a new tag
Caveats
  • Supply blocks, unpowered buildings, or Contaminate may cause inaccurate times.
  • Supply counts are checked every 10 seconds.